AoeStats
← owengold23

Arabia

509792257Analyzed
1v1 RM · 6d ago on Sep 28, 2026· 47m 30s· 2 players
Game mode
Random Map
Map size
Tiny (2 player)
Population
200
Speed
Normal
Resources
Standard
Victory
Conquest
Starting age
Dark Age
Ending age
Imperial Age
RankedLock teamsTeams togetherTeam positionsShared explorationLock speedFull tech treeHidden civsTurbo modeCheats
Victory
Defeat
🇦🇺 Aztecs · Australia
1604
+10
🇦🇷 Varangians · Argentina
1469
-10
GEN37.Crow-
5:47 Loom
8:53 Feudal Age
9:26 Double-Bit Axe
13:26 Bloodlines
14:49 Bloodlines
17:26 Scale Barding Armor
18:38 Fletching
19:29 Padded Archer Armor
20:20 Forging
21:12 Wheelbarrow
26:37 Castle Age
25:14 Gold Mining
26:40 Elite Skirmisher
27:16 Bodkin Arrow
28:46 Leather Archer Armor
29:37 Ballistics
30:45 Husbandry
35:15 Hand Cart
35:13 Bow Saw
42:46 Imperial Age
44:06 Bracer
44:37 Ring Archer Armor
45:12 Chemistry
44:34 Conscription
44:13 Cranequins
owengold23
5:52 Loom
8:50 Feudal Age
9:20 Double-Bit Axe
13:13 Fletching
15:46 Horse Collar
19:27 Wheelbarrow
22:30 Castle Age
21:04 Gold Mining
21:17 Padded Archer Armor
21:48 Town Watch
22:15 Scale Mail Armor
22:28 Forging
22:32 Crossbowman
23:08 Bodkin Arrow
23:34 Pikeman
24:41 Bow Saw
25:34 Heavy Plow
26:22 Leather Archer Armor
29:15 Fervor
29:25 Sanctity
29:30 Chain Mail Armor
32:02 Hand Cart
35:52 Imperial Age
33:47 Elite Skirmisher
35:05 Ballistics
35:57 Eagle Warrior
37:30 Plate Mail Armor
37:02 Squires
37:37 Elite Eagle Warrior
39:27 Iron Casting
40:05 Bracer
41:03 Conscription
42:18 Chemistry
42:25 Garland Wars
43:24 Atlatl
45:14 Blast Furnace
45:17 Crop Rotation
46:28 Arson
Connection lost

Rejoining the realm…

Still unreachable

The connection could not be restored.

Session expired

The server has moved on; the page needs a fresh start.